 Dungeon Crawl Stone Soup version 0.30-a0-782-ge64f9170bb (console) character file.

Game seed: 16818279642230740497

493 Banquo the Magician (level 7, 0/49 HPs)
             Began as a Djinni Air Elementalist on Feb 21, 2023.
             Was a Follower of Zin.
             Slain by a black bear (6 damage)
             ... on level 5 of the Dungeon.
             The game lasted 00:11:40 (5545 turns).

Banquo the Magician (Djinni Air Elementalist)       Turns: 5545, Time: 00:11:41

Health: 0/49       AC:  2    Str:  7    XL:     7   Next: 37%
Gold:   190        EV: 12    Int: 18    God:    Zin [*.....] SH:  0 Dex: 14

rFire   + + .      SeeInvis .    h - +0 dagger (flame)
rCold   x . .      Faith    .    (no shield)
rNeg    . . .      Spirit   .    a - +0 robe
rPois   ∞          Reflect  .    (no helmet)
rElec   .          Harm     .    (no cloak)
rCorr   .          Rampage  .    (no gloves)
Will    .....                    (boots unavailable)
Stlth   ++                       (no amulet)
HPRegen 0.28/turn                (no ring)
MPRegen 0.00/turn                (no ring)

@: flying
A: sickness immunity, fire resistance 2, cold vulnerability 1, float, innate
caster, HP casting, extra vitality 1
a: Renounce Religion, Recite, Donate Gold


You were on level 5 of the Dungeon.
You worshipped Zin.
Zin was aware of your devotion.
You visited 2 branches of the dungeon, and saw 6 of its levels.
You also visited: Sewer.

You collected 211 gold pieces.
You donated 21 gold pieces to Zin.

Inventory:

Hand Weapons
 e - a +0 dagger
 h - a +0 dagger of flaming (weapon)
 r - a +2 falchion of holy wrath
Missiles
 p - a throwing net
Armour
 a - a +0 robe (worn)
Scrolls
 b - 6 scrolls of identify {unknown}
 f - 4 scrolls of teleportation {unknown}
 k - a scroll of vulnerability {unknown}
 l - 4 scrolls of fear {unknown}
 m - a scroll of enchant weapon {unknown}
 n - a scroll of noise {unknown}
 o - 2 scrolls of poison {unknown}
 q - a scroll of brand weapon {unknown}
 s - a scroll of immolation {unknown}
 u - a scroll of amnesia {unknown}
 w - a scroll of enchant armour {unknown}
Potions
 c - 2 potions of heal wounds
 d - a potion of lignification {unknown}
 g - 4 potions of brilliance {unknown}
 i - a potion of cancellation {unknown}
 j - 2 potions of curing
 t - a potion of berserk rage {unknown}
 v - a potion of degeneration {unknown}


   Skills:
 * Level 2.8 Fighting
 * Level 2.7 Dodging
 - Level 1.5 Stealth
 + Level 5.3 Spellcasting
 * Level 1.2 Invocations


You couldn't memorise any spells.
You knew the following spells:

 Your Spells              Type           Power      Damage    Failure   Level
a - Shock                 Conj/Air       92%        1d8       1%          1
b - Static Discharge      Conj/Air       46%        2-4/arc   2%          2
c - Swiftness             Air            23%        N/A       4%          3
d - Airstrike             Air            11%        2d(2-18)  14%         4
e - Magic Dart            Conj           92%        1d7       1%          1
g - Gell's Gravitas       Tloc           23%        N/A       4%          3
B - Blink                 Tloc           46%        N/A       2%          2
Your spell library was empty.

Dungeon Overview and Level Annotations

Branches:
Dungeon (5/15)             Temple (1/1) D:4           Sewer (visited)

Altars:
Cheibriados
Elyvilon
Gozag
Hepliaklqana
Makhleb
Nemelex Xobeh
Okawaru
Qazlal
Ru
Trog
Uskayaw
Wu Jian
Xom
Yredelemnul
Zin
The Shining One

Annotations:
D:3 exclusion: statue


Innate Abilities, Weirdness & Mutations

You are immune to sickness and miasma.
You are immune to poison.
Your flesh is very heat resistant. (rF++)
You are vulnerable to cold. (rC-)
You float through the air rather than walking.
You learn spells naturally, not from books.
Your magical power is your life essence.
You have superior vitality. (+4 MHP)


Message History

The black bear closely misses you.
The black bear claws you but does no damage.
The black bear claws you. The black bear barely misses you.
The black bear claws you. x2
Casting: Shock (safe; 1% risk of failure)
Confirm with . or Enter, or press ? or * to list all spells.
Aiming: Shock (safe; 1% risk of failure)
Press: ? - help, Shift-Dir - straight line, f/p - black bear
Aim: a black bear (severely wounded, berserk, 81% to hit)
The zap hits the black bear.
The black bear is almost dead.
The black bear bites you!
The black bear claws you but does no damage.
The black bear completely misses you.
Casting: Shock (safe; 1% risk of failure)
Confirm with . or Enter, or press ? or * to list all spells.
Aiming: Shock (safe; 1% risk of failure)
Press: ? - help, Shift-Dir - straight line, f/p - black bear
Aim: a black bear (almost dead, berserk, 81% to hit)
The zap hits the black bear but does no damage.
The black bear is almost dead.
The black bear bites you!
* * * LOW HITPOINT WARNING * * *
The black bear claws you.
* * * LOW HITPOINT WARNING * * *
The black bear claws you.
* * * LOW HITPOINT WARNING * * *
The black bear barely misses you. The black bear closely misses you.
The black bear claws you.
* * * LOW HITPOINT WARNING * * *
Casting: Shock (safe; 1% risk of failure)
Confirm with . or Enter, or press ? or * to list all spells.
Aiming: Shock (safe; 1% risk of failure)
Press: ? - help, Shift-Dir - straight line, f/p - black bear
Aim: a black bear (almost dead, berserk, 81% to hit)
The zap hits the black bear.
The black bear is almost dead.
* * * LOW HITPOINT WARNING * * *
The black bear bites you.
You die...

###.#
#.........#. #.#
#.[.......#. #.#
#.........#. #.##
#.####....#. #..#
#.# ....##
##.############.#
..#...
#..............#
#.....
######.#########
#....
#......@h......
...
#>.............
...
#####.......#..
... #####...#
...# ...# #.# ..


You could see a black bear (berserk).

Vanquished Creatures
  An ogre (D:5)
  A kobold brigand (Sewer)
  A jelly (D:5)
  An iguana (D:3)
  8 gnolls
  4 river rats
  7 adders
  3 worms
  A dart slug (D:1)
  4 orcs (D:4)
  7 ball pythons
  2 bats
  6 endoplasms
  6 giant cockroaches
  8 goblins
  7 hobgoblins
  3 jackals (D:1)
  4 quokkas
  3 frilled lizards
  9 kobolds
  10 rats
  A spectral hobgoblin (D:1)
97 creatures vanquished.

Notes
Turn   | Place    | Note
-------+----------+-------------------------------------------
     0 | D:1      | Banquo the Djinni Air Elementalist began the quest for the
                  | Orb.
     0 | D:1      | Banquo set off with the following spells memorised: Shock,
                  | Static Discharge, Swiftness, Airstrike.
     0 | D:1      | Reached XP level 1. HP: 15/15 MP: 0/0
   172 | D:1      | Reached XP level 2. HP: 20/22 MP: 0/0
   384 | D:1      | Found a faded altar of an unknown god.
   421 | D:1      | Reached skill level 3 in Spellcasting
   503 | D:1      | Reached XP level 3. HP: 26/26 MP: 0/0
   503 | D:1      | Learned a level 1 spell: Magic Dart
   573 | D:1      | Reached skill level 1 in Fighting
  1138 | D:2      | Reached XP level 4. HP: 24/32 MP: 0/0
  1761 | D:3      | Noticed a frost-covered statue
  1787 | D:3      | Reached XP level 5. HP: 32/38 MP: 0/0
  1787 | D:3      | Learned a level 2 spell: Blink
  2364 | D:3      | Reached skill level 4 in Spellcasting
  3745 | D:3      | Reached XP level 6. HP: 41/43 MP: 0/0
  4425 | D:4      | Found a glowing golden altar of the Shining One.
  4550 | D:4      | Found a staircase to the Ecumenical Temple.
  4563 | Temple   | Entered the Ecumenical Temple
  4761 | Temple   | Became a worshipper of Zin the Law-Giver
  4761 | Temple   | Reached * piety under Zin
  5043 | D:5      | Entered Level 5 of the Dungeon
  5066 | D:5      | Noticed an ogre
  5078 | D:5      | Killed an ogre
  5119 | D:5      | Reached skill level 5 in Spellcasting
  5119 | D:5      | Reached XP level 7. HP: 41/49 MP: 0/0
  5119 | D:5      | Learned a level 3 spell: Gell's Gravitas
  5264 | D:5      | Found a glowing drain.
  5294 | Sewer    | Entered a sewer
  5301 | Sewer    | Reached skill level 1 in Invocations
  5468 | Sewer    | Found a white marble altar of Elyvilon.
  5545 | D:5      | Slain by a black bear

Illustrated notes

Levels and vault maps discovered:
D:1:      heliophobic_arrival_ceremonial_halls, layout_rooms,
          dreamdust_ecumenical_altar_drowned_temple
D:2:      layout_basic
D:3:      layout_loops_cross, vehumet_statue, nicolae_kite_square_tiling_tiny,
          minmay_surrounded
D:4:      minmay_general_purpose_star, layout_cave_pods,
          mainiacjoe_overflow_alcove_2, minmay_temple_entry_offerings
D:5:      layout_basic, kennysheep_mini, portal_sewer_entry_e
Temple:   minmay_crystal_spiral_temple

Skill      XL: |  1  2  3  4  5  6  7 |
---------------+----------------------+-----
Spellcasting   | 3 4 5 |  5.3
Fighting       | 1 2 |  2.8
Invocations    | 1 |  1.2
Dodging        | |  2.7
Stealth        | |  1.5

Action                     |  1- 3 |  4- 6 |  7- 9 || total
---------------------------+-------+-------+-------++-------
   Cast: Shock             |    66 |   132 |    70 ||   268
         Blink             |       |     1 |       ||     1
         Gell's Gravitas   |       |       |     2 ||     2
 Armour: Robe              |       |       |     3 ||     3
  Dodge: Dodged            |     4 |    10 |    19 ||    33

Table legend: (Time is in decaauts)
 A = Elapsed time spent in this place.
 B = Non-inter-level travel time spent in this place.
 C = Inter-level travel time spent in this place.
 D = Time resting spent in this place.
 E = Time spent auto-exploring this place.
 F = Levels seen in this place.
 G = Mean time per level.
                   A        B        C        D        E       F      G
               +--------+--------+--------+--------+--------+-----+--------+
         Total |   5544 |   5190 |    354 |    342 |   4129 |   7 |  792.0 |
       Dungeon |   5124 |   4853 |    271 |    268 |   4018 |   5 | 1024.8 |
        Temple |    211 |    128 |     83 |      0 |    111 |   1 |  211.0 |
         Sewer |    207 |    207 |      0 |     74 |      0 |   1 |  207.0 |
               +--------+--------+--------+--------+--------+-----+--------+

Top non-repeatable levels by time:
     D:3: 2230 daAuts
     D:2: 986 daAuts
     D:4: 839 daAuts
     D:1: 774 daAuts
     D:5: 293 daAuts
  Temple: 211 daAuts
   Sewer: 207 daAuts
